 Dungeon Crawl Stone Soup version 0.29.1-15-g9cfb28693d (webtiles) character file.

Game seed: 1449639102646880646

16215 Eitelfritz the Severer (level 12, -22/95 HPs)
             Began as a Hill Orc Fighter on Apr 23, 2023.
             Was a Priest of Hepliaklqana.
             Annihilated by Rupert
             ... wielding a +1 vorpal battleaxe
              (29 damage)
             ... on level 13 of the Dungeon.
             The game lasted 00:23:13 (14234 turns).

Eitelfritz the Severer (Hill Orc Fighter)          Turns: 14234, Time: 00:23:13

Health: -22/95     AC: 16    Str: 30    XL:     12   Next: 35%
Magic:  15/15      EV: 12    Int:  8    God:    Hepliaklqana [***...]
Gold:   748        SH: 10    Dex: 10    Spells: 11/11 levels left

rFire   . . .      SeeInvis .   a - +2 war axe
rCold   . . .      Faith    .   c - +0 buckler
rNeg    . . .      Spirit   .   l - +2 ring mail {rPois}
rPois   +          Reflect  +   d - +1 helmet
rElec   .          Harm     .   A - +2 cloak
rCorr   .          Rampage  .   (no gloves)
Will    .....                   D - +0 pair of boots
Stlth   ++........              n - amulet of reflection
HPRegen 0.25/turn               u - +6 ring of strength
MPRegen 0.14/turn               (no ring)

@: no status effects
A: reduced essence
a: Renounce Religion, Recall Ancestor, Ancestor Identity, Transference


You were on level 13 of the Dungeon.
You worshipped Hepliaklqana.
Hepliaklqana was most pleased with you.
You visited 2 branches of the dungeon, and saw 14 of its levels.
You also visited: Sewer.

You collected 748 gold pieces.

Inventory:

Hand Weapons
 a - a +2 war axe (weapon)
 b - a +0 sling
 k - a +0 war axe
 t - a +0 flail
 T - a +1 scimitar of flaming
Missiles
 h - 5 boomerangs
 o - 5 silver javelins (quivered)
 K - 6 curare-tipped darts
 P - 3 poisoned darts
Armour
 c - a +0 buckler (worn)
 d - a +1 helmet (worn)
 l - a +2 ring mail of poison resistance (worn)
 A - a +2 cloak (worn)
 D - a +0 pair of boots (worn)
 L - a +0 plate armour of fire resistance
 R - +0 acid dragon scales
Jewellery
 f - an amulet of magic regeneration
 n - an amulet of reflection (around neck)
 r - a ring of wizardry
 u - a +6 ring of strength (left hand)
 G - a ring of magical power
 I - an amulet of faith
Wands
 g - a wand of quicksilver (13)
 m - a wand of flame (10)
 y - a wand of mindburst (18)
 B - a wand of paralysis (2)
 E - a wand of roots (7)
 N - a wand of polymorph (6)
Scrolls
 i - 4 scrolls of teleportation
 s - a scroll of immolation
 x - 4 scrolls of identify
 F - a scroll of amnesia
 H - 2 scrolls of fog
 J - a scroll of magic mapping
 M - a scroll of summoning
 Q - 2 scrolls of enchant weapon
 S - a scroll of blinking
 U - a scroll of poison
Potions
 e - 6 potions of curing
 j - 3 potions of magic
 p - 3 potions of heal wounds
 q - 2 potions of mutation
 v - 11 potions of flight
 w - a potion of cancellation
 z - 2 potions of brilliance
 C - a potion of resistance
 O - a potion of invisibility
 V - a potion of ambrosia {unknown}


   Skills:
 + Level 10.1 Fighting
 + Level 15.1(15.2) Axes
 + Level 2.4(8.6) Maces & Flails
 + Level 2.7 Ranged Weapons
 + Level 3.2 Throwing
 + Level 9.1 Armour
 + Level 5.4 Dodging
 + Level 3.5 Stealth
 + Level 8.2 Shields
 + Level 4.0 Invocations
 + Level 3.1 Evocations


You had 11 spell levels left.
You didn't know any spells.
Your spell library contained the following spells:

 Spells                   Type           Power      Damage    Failure   Level
 Beastly Appendage        Tmut           0%         N/A       58%         1
 Sandblast                Erth           0%         2d4       58%         1
 Passwall                 Tmut/Erth      0%         N/A       73%         2
 Wereblood                Tmut           0%         N/A       73%         2
 Inner Flame              Hex/Fire       0%         N/A       91%         3
 Spider Form              Tmut/Pois      0%         N/A       91%         3
 Stone Arrow              Conj/Erth      0%         3d7       91%         3
 Cause Fear               Hex            0%         N/A       100%        4
 Discord                  Hex            0%         N/A       100%        8


Dungeon Overview and Level Annotations

Branches:
Dungeon (13/15)            Temple (1/1) D:7            Lair (0/5) D:9
    Orc (0/2) D:9           Sewer (visited)
 Vaults: D:13-14

Altars:
Ashenzari
Cheibriados
Dithmenos
Elyvilon
Fedhas
Gozag
Hepliaklqana
Kikubaaqudgha
Makhleb
Nemelex Xobeh
Okawaru
Qazlal
Ru
Sif Muna
Trog
Uskayaw
Vehumet
Wu Jian
Xom
Yredelemnul
Zin
The Shining One

Portals:
Trove: D:10 (give 9 potions of haste)

Annotations:
D:13 Rupert


Message History

You climb downwards.
There is a stone staircase leading up here.
Found a robe.
Found a stone staircase leading down.
You now have 748 gold pieces (gained 19).
You swap places.
A yaktaur comes into view. It is wielding a staff of fire.
The yaktaur shouts!
The yaktaur wields a +0 arbalest.
The yaktaur shoots a bolt.
You reflect the bolt off an invisible shield around you!
The bolt hits the yaktaur!!
Rupert the Wild comes into view.
He is wielding a +1 vorpal battleaxe.
Rupert shouts!
The yaktaur shoots a bolt.
The bolt hits you!!
The yaktaur shoots a bolt.
You reflect the bolt off an invisible shield around you!
The bolt hits the yaktaur!
The yaktaur shoots a bolt.
The bolt barely misses you.
The bolt hits Ælfric!!
The yaktaur shoots a bolt.
The bolt completely misses you.
The bolt hits Ælfric!! Ælfric is destroyed!
The yaktaur unwields a +0 arbalest.
The yaktaur wields a staff of fire.
You block the yaktaur's attack.
You hit the yaktaur.
The yaktaur is almost dead.
The yaktaur hits you but does no damage.
You slash the yaktaur!
You kill the yaktaur!
Rupert roars madly and goes into a rage!
Rupert goes berserk!
Rupert hits you with a +1 vorpal battleaxe!
Rupert hits you with a +1 vorpal battleaxe!!!
* * * LOW HITPOINT WARNING * * *
x2
Things that are here:
a staff of fire; a +0 arbalest; 9 gold pieces You barely miss Rupert.
You block Rupert's attack.
You slice Rupert!!
Rupert is lightly wounded.
Rupert hits you with a +1 vorpal battleaxe!!
You die...

#.......###....
###########.........!....
.....<..........#.###.###
#######.###.####......#
#.# #.# #..##### #.# #[#
#..###### #.#
#.####........ #.#
#......######. #.#
#.####@# #.# #.....@# #.#
#.##...# ...#.# .##...# #
##... #.# #..


You could see Rupert (berserk).

Vanquished Creatures
  A hydra (D:11)
  Erica (D:11)
  2 two-headed ogres
  A deep elf pyromancer (D:11)
  A manticore (D:12)
  A cyclops (D:12)
  A yaktaur (D:13)
  3 trolls
  A hornet (D:9)
  4 shadows
  A wyvern (D:8)
  3 yaks (D:9)
  3 wraiths
  A vampire mosquito (D:12)
  A steam dragon (D:8)
  An acid dragon (D:11)
  A water moccasin (D:8)
  8 orc warriors
  A black bear (D:9)
  A sky beast (D:6)
  3 centaurs
  2 phantoms
  A gnoll sergeant (D:10)
  4 bullfrogs
  3 scorpions
  10 wights
  4 electric eels
  A howler monkey (D:8)
  A jelly (D:5)
  A gnoll bouda (D:6)
  4 orc priests
  2 hounds
  3 iguanas
  Natasha (thrice) (D:2)
  7 orc wizards
  A merfolk avatar (Sewer)
  A merfolk siren (Sewer)
  11 gnolls
  11 adders
  2 river rats (Sewer)
  2 shadow imps
  3 white imps
  An ufetubus (D:5)
  5 dart slugs
  33 orcs
  10 ball pythons
  5 endoplasms
  5 giant cockroaches
  4 goblins
  7 hobgoblins
  10 jackals
  6 kobolds
  7 quokkas
  2 bats (D:1)
  6 frilled lizards
  26 rats
244 creatures vanquished.

Vanquished Creatures (collateral kills)
  A boulder beetle (D:11)
  A two-headed ogre (D:12)
  A cyclops (D:11)
  An unseen horror (D:11)
  A komodo dragon (D:11)
  A wraith (D:11)
  A vampire (D:11)
  A vampire mosquito (D:12)
  An orc warrior (D:9)
  An orc priest (D:9)
  2 orc wizards (D:9)
  A gnoll (D:10)
  5 orcs (D:9)
18 creatures vanquished.

Vanquished Creatures (others)
  3 ancestors
  3 battlemagi
  17 fungi (D:9)
  14 plants (D:9)
37 creatures vanquished.

Grand Total: 299 creatures vanquished

Notes
Turn   | Place    | Note
-------+----------+-------------------------------------------
     0 | D:1      | Eitelfritz the Hill Orc Fighter began the quest for the
                  | Orb.
     0 | D:1      | Reached XP level 1. HP: 19/19 MP: 1/1
   123 | D:1      | Reached skill level 3 in Axes
   123 | D:1      | Reached XP level 2. HP: 26/27 MP: 2/2
   356 | D:1      | Found a faded altar of an unknown god.
   533 | D:1      | Reached XP level 3. HP: 33/33 MP: 3/3
   838 | D:2      | Noticed Natasha
   850 | D:2      | HP: 1/33 [Natasha (6)]
   852 | D:2      | Killed Natasha
   853 | D:2      | Reached skill level 4 in Axes
   853 | D:2      | Reached XP level 4. HP: 2/40 MP: 4/4
  1196 | D:2      | Noticed Natasha
  1233 | D:2      | Killed Natasha
  1565 | D:2      | Reached skill level 1 in Dodging
  1628 | D:2      | Noticed Natasha
  1634 | D:2      | Killed Natasha
  1635 | D:2      | Reached XP level 5. HP: 47/47 MP: 5/5
  2465 | D:3      | Reached skill level 5 in Axes
  3113 | D:4      | Found a bloodstained altar of Trog.
  3231 | D:4      | Found a glowing drain.
  3240 | Sewer    | Entered a sewer
  3360 | Sewer    | Reached XP level 6. HP: 47/55 MP: 6/6
  3553 | Sewer    | Reached skill level 5 in Fighting
  4037 | D:3      | Reached skill level 6 in Axes
  4506 | D:5      | Entered Level 5 of the Dungeon
  4603 | D:5      | Reached XP level 7. HP: 59/61 MP: 7/7
  4619 | D:5      | Reached skill level 5 in Armour
  5554 | D:6      | Noticed a shadow
  5575 | D:6      | Killed a shadow
  5576 | D:6      | Reached skill level 7 in Axes
  5576 | D:6      | Reached XP level 8. HP: 20/70 MP: 8/8
  6120 | D:6      | Reached skill level 8 in Axes
  6692 | D:7      | Noticed a wraith
  6786 | D:6      | Killed a wraith
  6787 | D:6      | Reached skill level 9 in Axes
  6856 | D:7      | Found a staircase to the Ecumenical Temple.
  6866 | Temple   | Entered the Ecumenical Temple
  6889 | Temple   | Became a worshipper of Hepliaklqana the Forgotten
  7234 | D:7      | Reached XP level 9. HP: 78/78 MP: 9/9
  7618 | D:7      | Reached skill level 10 in Axes
  7815 | D:8      | Reached skill level 5 in Shields
  7959 | D:8      | Noticed a two-headed ogre
  7970 | D:8      | HP: 1/78 [two-headed ogre/+0 giant club (17)]
  7971 | D:8      | Killed a two-headed ogre
  7972 | D:8      | Reached skill level 11 in Axes
  9119 | D:8      | Reached XP level 10. HP: 81/86 MP: 10/10
  9370 | D:8      | Reached skill level 12 in Axes
  9370 | D:8      | Reached XP level 11. HP: 95/95 MP: 10/14
  9448 | D:9      | Identified the +7 flail "Uguowuri" {holy, *Corrode rF+++
                  | Will+++ Str+4}
  9934 | D:9      | Reached * piety under Hepliaklqana
 10035 | D:9      | Found a staircase to the Lair.
 10058 | D:9      | Reached skill level 13 in Axes
 10411 | D:9      | Identified the +2 scale mail of Beogh's Esteem {rN+}
 10804 | D:9      | Found a staircase to the Orcish Mines.
 10859 | D:10     | Entered Level 10 of the Dungeon
 11087 | D:10     | Reached skill level 5 in Dodging
 11410 | D:10     | Found a portal to a secret trove of treasure.
 11505 | D:10     | Noticed a two-headed ogre
 11514 | D:10     | Killed a two-headed ogre
 11774 | D:11     | Reached ** piety under Hepliaklqana
 11813 | D:11     | Remembered your ancestor Ælfric as a battlemage
 12002 | D:11     | Noticed a cyclops
 12003 | D:11     | Noticed a five-headed hydra
 12008 | D:11     | Killed a cyclops
 12009 | D:11     | Reached skill level 14 in Axes
 12020 | D:11     | Killed a five-headed hydra
 12340 | D:11     | Noticed a boulder beetle
 12357 | D:11     | Killed a boulder beetle
 12358 | D:11     | Reached skill level 1 in Maces & Flails
 12529 | D:11     | Reached XP level 12. HP: 79/95 MP: 15/15
 12600 | D:11     | Noticed Erica
 12606 | D:11     | Killed Erica
 13183 | D:12     | Noticed a two-headed ogre
 13187 | D:12     | Killed a two-headed ogre
 13188 | D:12     | Reached skill level 10 in Fighting
 13285 | D:12     | Reached skill level 15 in Axes
 13285 | D:12     | Found a shadowy altar of Dithmenos.
 13490 | D:12     | Reached *** piety under Hepliaklqana
 14224 | D:13     | Noticed Rupert
 14234 | D:13     | Annihilated by Rupert

Illustrated notes

Levels and vault maps discovered:
D:1:      dpeg_arrival_windows_large_door, layout_basic,
          hellmonk_ecumenical_altar_arch_garden, chequers_serial_rivers_room_a,
          minmay_split_cup_large
D:2:      layout_loops_ring, st_stairs_5, kennysheep_generic_room_5,
          uniq_natasha
D:3:      layout_basic, nicolae_eternal_life
D:4:      layout_rooms, mainiacjoe_overflow_boulevard, portal_sewer_entry_d
D:5:      layout_loops_corners, serial_bayou_ford_a,
          hangedman_decor_clover_reticule
D:6:      layout_cave_pools, minmay_misc_feat_x
D:7:      statuecave_lemuel, layout_rooms, minmay_temple_entry_statues_pillars
D:8:      layout_loops_corners
D:9:      layout_basic, grunt_lair_entry_orc_guard_hut, erik_orc_2
D:10:     layout_loops_ring, enter_trove_0
D:11:     layout_basic, uniq_erica
D:12:     layout_basic, nicolae_dithmenos_shadow_blocks
D:13:     layout_loops_ring, erik_vaults_2, uniq_snorg, uniq_rupert
Temple:   nicolae_temple_the_god_donut

Skill      XL: |  1  2  3  4  5  6  7  8  9 10 11 12 |
---------------+-------------------------------------+-----
Fighting       | 4 5 6 7 8 9 10 | 10.1
Axes           | 3 4 5 6 7 9 11 12 14 15 | 15.1
Dodging        | 1 2 3 4 5 |  5.4
Armour         | 4 5 6 7 8 9 |  9.1
Shields        | 4 5 6 7 8 |  8.2
Ranged Weapons | 2 |  2.7
Throwing       | 2 3 |  3.2
Stealth        | 2 3 |  3.5
Invocations    | 4 |  4.0
Evocations     | 3 |  3.1
Maces & Flails | 1 2 |  2.4

Action                   |  1- 3 |  4- 6 |  7- 9 | 10-12 || total
-------------------------+-------+-------+-------+-------++-------
Melee: War axe           |    65 |   224 |   270 |   234 ||   793
       Flail             |       |       |       |    11 ||    11
 Fire: Sling             |       |     3 |       |       ||     3
Throw: Javelin           |       |       |     3 |     2 ||     5
Invok: Ancestor Life: Ba |       |       |       |     1 ||     1
Evoke: Wand              |       |       |     1 |       ||     1
  Use: Scroll            |       |    11 |     8 |     6 ||    25
       Potion            |       |     1 |     1 |     1 ||     3
 Stab: Sleeping          |       |       |       |     1 ||     1
Armor: Scale mail        |    27 |   104 |     1 |       ||   132
       Ring mail         |       |       |    89 |    82 ||   171
Dodge: Dodged            |    43 |   109 |   107 |    76 ||   335
Block: Buckler           |    19 |    54 |   122 |   101 ||   296
       Reflection        |       |       |       |    10 ||    10
